 Dungeon Crawl Stone Soup version 0.29.0-4-gdea44cf6ec (webtiles) character file.

Game seed: 2668348991205488726

431 Plasmagod the Cleaver (level 6, -4/52 HPs)
             Began as a Minotaur Fighter on Aug 27, 2022.
             Slain by Grinder (6 damage)
             ... while paralysed by Grinder
             ... on level 4 of the Dungeon.
             The game lasted 00:03:58 (3757 turns).

Plasmagod the Cleaver (Minotaur Fighter)            Turns: 3757, Time: 00:03:58

Health: -4/52      AC:  7    Str: 22    XL:     6   Next: 66%
Magic:  5/5        EV:  2    Int:  5    God:
Gold:   247        SH:  0    Dex: 10    Spells: 5/5 levels left

rFire   . . .      SeeInvis .   a - +0 war axe
rCold   . . .      Faith    .   c - +0 buckler
rNeg    . . .      Spirit   .   b - +0 scale mail
rPois   .          Reflect  .   (helmet restricted)
rElec   .          Harm     .   (no cloak)
rCorr   .          Rampage  .   (no gloves)
Will    .....                   (no boots)
Stlth   ..........              (no amulet)
HPRegen 0.17/turn               (no ring)
MPRegen 0.09/turn               (no ring)

@: paralysed, mighty
A: horns 2, retaliatory headbutt
a: no special abilities


You were on level 4 of the Dungeon.
You visited 1 branch of the dungeon, and saw 4 of its levels.
You also visited: Sewer.

You collected 247 gold pieces.

Inventory:

Hand Weapons
 a - a +0 war axe (weapon)
Armour
 b - a +0 scale mail (worn)
 c - a +0 buckler (worn)
Scrolls
 e - a scroll of poison {unknown}
 f - 5 scrolls of identify {unknown}
 j - a scroll of noise {unknown}
 m - 2 scrolls of teleportation {unknown}
 o - 2 scrolls of magic mapping {unknown}
 q - a scroll of immolation {unknown}
 r - a scroll of vulnerability {unknown}
Potions
 g - 2 potions of curing {unknown}
 h - 2 potions of haste {unknown}
 i - a potion of lignification {unknown}
 k - 2 potions of resistance {unknown}
 l - 2 potions of attraction {unknown}
 n - 2 potions of brilliance {unknown}
 p - a potion of mutation {unknown}


   Skills:
 - Level 3.6 Fighting
 + Level 8.6 Axes
 - Level 3.7 Armour
 - Level 3.6 Shields


You had 5 spell levels left.
You didn't know any spells.
Your spell library was empty.

Dungeon Overview and Level Annotations

Branches:
Dungeon (4/15)              Sewer (visited)
 Temple: D:4-7

Altars:
Cheibriados
Kikubaaqudgha

Annotations:
D:4 Grinder


Innate Abilities, Weirdness & Mutations

You have a pair of horns on your head.
You reflexively headbutt those who attack you in melee.


Message History

The iguana bites you. x2
You hit the iguana but do no damage.
The iguana is severely wounded.
The iguana bites you.
Grinder blinks!
You hit the iguana.
The iguana is almost dead.
The iguana bites you but does no damage.
You barely miss the iguana.
The iguana is almost dead.
You block the iguana's attack.
You hit the iguana.
You kill the iguana!
Grinder blinks!
You feel very mighty all of a sudden. The kobold hits you but does no damage.
You are electrocuted!
You closely miss the kobold. Your headbutt misses the kobold.
The kobold hits you but does no damage.
You are electrocuted!
You slice the kobold!!
You kill the kobold!
Grinder blinks!
There is an open door here.
You see here a +1 whip of electrocution.
Grinder gestures at you.
You barely resist. You barely miss Grinder. You block Grinder's attack.
Grinder closely misses you.
You barely miss Grinder. You headbutt Grinder.
Grinder is lightly wounded.
Grinder gestures at you.
You suddenly lose the ability to move!
Grinder hits you.
You writhe in agony.
* * * LOW HITPOINT WARNING * * *
Grinder hits you.
* * * LOW HITPOINT WARNING * * *
You writhe in agony.
* * * LOW HITPOINT WARNING * * *
Grinder hits you.
* * * LOW HITPOINT WARNING * * *
You writhe in agony.
You die...

..)##.# ...... .....#
.....# .....#
############ ....##
#####..##.†'...# .....###
#..5.......#...# .
.<.....###
#..@.......##..# .
..###....#
####)####'#####..# ###
#..### #..#....#....#...#
# ##.# #..#....#.(..#.).#
##.#####.###..########†.#
# ####...#...##
..#..##..#..#####
##..........#
..+......'..##...
†......######
..##8..8##..###.#
.......# ...##..########


You could see Grinder.

Vanquished Creatures
  A water moccasin (Sewer)
  A scorpion (D:4)
  A hound (D:4)
  A jelly (D:4)
  An iguana (D:4)
  7 gnolls
  5 adders
  A worm (D:3)
  9 endoplasms
  7 giant cockroaches
  A goblin (D:1)
  5 hobgoblins
  A jackal (Sewer)
  3 quokkas (D:3)
  8 ball pythons
  3 bats
  6 frilled lizards
  5 kobolds
  2 rats
  A spectral goblin (D:1)
69 creatures vanquished.

Notes
Turn   | Place    | Note
-------+----------+-------------------------------------------
     0 | D:1      | Plasmagod the Minotaur Fighter began the quest for the Orb.
     0 | D:1      | Reached XP level 1. HP: 19/19 MP: 0/0
   113 | D:1      | Reached skill level 3 in Axes
   239 | D:1      | Reached XP level 2. HP: 27/27 MP: 1/1
   277 | D:1      | Found a faded altar of an unknown god.
  1053 | D:2      | Reached skill level 4 in Axes
  1053 | D:2      | Reached XP level 3. HP: 33/33 MP: 2/2
  1518 | D:2      | Reached skill level 5 in Axes
  1665 | D:2      | Reached XP level 4. HP: 40/40 MP: 3/3
  1866 | D:3      | Found a glowing drain.
  1889 | Sewer    | Entered a sewer
  2001 | Sewer    | Noticed a water moccasin
  2009 | Sewer    | Killed a water moccasin
  2010 | Sewer    | Reached skill level 6 in Axes
  2010 | Sewer    | Reached XP level 5. HP: 38/46 MP: 4/4
  2202 | D:3      | Reached skill level 7 in Axes
  2281 | D:3      | Found a snail-covered altar of Cheibriados.
  2929 | D:3      | Found an ancient bone altar of Kikubaaqudgha.
  3367 | D:4      | Reached XP level 6. HP: 46/52 MP: 5/5
  3634 | D:4      | Reached skill level 8 in Axes
  3739 | D:4      | Noticed Grinder
  3754 | D:4      | Paralysed by Grinder for 5 turns
  3757 | D:4      | HP: 2/52 [Grinder (2)]
  3757 | D:4      | Slain by Grinder

Illustrated notes

Levels and vault maps discovered:
D:1:      lemuel_arrival_muddy, layout_loops_ring,
          dreamdust_ecumenical_altar_drowned_temple, minmay_tetromino_i4
D:2:      layout_basic
D:3:      layout_basic, cheibrodos_worm_habitat, mainiacjoe_overflow_alcove_1,
          portal_sewer_entry_f
D:4:      minmay_chambers_of_twos, layout_layer_cave, uniq_grinder

Skill      XL: |  1  2  3  4  5  6 |
---------------+-------------------+-----
Axes           | 3 4 5 6 7 8 |  8.6
Fighting       | |  3.6
Armour         | |  3.7
Shields        | |  3.6

Action                   |  1- 3 |  4- 6 || total
-------------------------+-------+-------++-------
Melee: War axe           |    78 |    83 ||   161
       Headbutt          |     9 |    12 ||    21
  Use: Potion            |       |     1 ||     1
Armor: Scale mail        |    29 |    47 ||    76
Dodge: Dodged            |    40 |    47 ||    87
Block: Buckler           |    18 |    25 ||    43
